 Dungeon Crawl Stone Soup version 0.20.1-1-g8b1a95d (webtiles) character file.

2 Lanoc the Ducker (level 1, -1/7 HPs)
             Began as a Felid Air Elementalist on Dec 13, 2017.
             Slain by a kobold (4 damage)
             ... on level 1 of the Dungeon.
             The game lasted 00:01:25 (93 turns).

Lanoc the Ducker (Felid Air Elementalist)             Turns: 93, Time: 00:01:26

Health: -1/7       AC:  1    Str:  4    XL:     1   Next: 33%
Magic:  4/4        EV: 18    Int: 16    God:
Gold:   9          SH:  0    Dex: 16    Spells: 3/4 levels left
                                        Lives:  0   Deaths: 0

rFire    . . .     SeeInvis +   (weapon unavailable)
rCold    . . .     Gourm    .   (shield unavailable)
rNeg     . . .     Faith    .   (armour unavailable)
rPois    .         Spirit   .   (helmet unavailable)
rElec    .         Reflect  .   (cloak unavailable)
rCorr    .         Harm     .   (gloves unavailable)
MR       .....                  (boots unavailable)
Stlth    +++.......             (no amulet)
Regen    0.1/turn               (no ring)
MPRegen  0.1/turn               (no ring)

@: quick
A: no armour, no weapons or thrown items, stealth, claws 1, fangs 3, see
invisible, carnivore 3, speed 1, shaggy fur 1, slow metabolism 1, sharp paws
a: no special abilities


You were on level 1 of the Dungeon.
You were full.

You visited 1 branch of the dungeon, and saw 1 of its levels.

You collected 9 gold pieces.

Inventory:

Scrolls
 c - 3 scrolls of enchant armour {unknown}
Books
 a - a book of Air

   Spells                             Type                      Level
   a - Shock                          Conjuration/Air              1
   b - Swiftness                      Charms/Air                   2
   c - Static Discharge               Conjuration/Air              3
   d - Airstrike                      Air                          4
   e - Lightning Bolt                 Conjuration/Air              5
Comestibles
 b - a meat ration


   Skills:
 + Level 2.8 Dodging
 - Level 2.6 Stealth
 + Level 0.2 Unarmed Combat
 + Level 2.0 Spellcasting
 + Level 1.0 Conjurations
 * Level 2.6 Air Magic


You had 3 spell levels left.
You knew the following spells:

 Your Spells              Type           Power        Failure   Level  Hunger
a - Shock                 Conj/Air       #...         10%         1    #......


Dungeon Overview and Level Annotations

Branches:
Dungeon (1/15)

Altars:


Innate Abilities, Weirdness & Mutations

You cannot wear armour.
You are incapable of wielding weapons or throwing items.
Your paws allow you to move quietly. (Stealth)
You have sharp claws.
You have razor-sharp teeth.
You have supernaturally acute eyesight. (SInv)
You are carnivorous and can eat meat at any time.
You cover ground quickly.
You are covered in fur. (AC +1)
You have a slow metabolism.
Your sharp claws are effective at attacking unaware monsters.


Message History

The bat misses you.
The kobold shouts!
You hear an angry hiss.
The bat misses you.
The kobold throws a stone.
The stone closely misses you. The bat completely misses you.
The kobold throws a stone.
The stone closely misses you.
You scratch the bat.
The bat is moderately wounded.
The bat misses you.
The kobold throws a stone.
The stone closely misses you.
A frilled lizard comes into view.
The bat misses you.
The kobold throws a stone.
The stone misses you.
You scratch the bat.
You kill the bat!
The kobold throws a stone.
The stone misses you.
You scratch the kobold but do no damage.
The kobold hits you.
You scratch the kobold.
The kobold is moderately wounded.
The kobold hits you.
Ouch! That really hurt!
You die...

#..# #. ##.## .###
########..######. #
######.....#####.###
##...#.....#...#.... .
##.⌠.#.....#.⌠.##### ..
##...#.....#...#..÷.
...
######.....#####.###
....##..@...(.[.......#
......lK..............#
#...........<........#
#..........(.........#
#...................##
##########.....######
##...#.....#...##
##.⌠.#.....#.⌠.##
##.(.#.....#...##


You could see a kobold and a frilled lizard.

Vanquished Creatures
  2 bats (D:1)
  A frilled lizard (D:1)
  A rat (D:1)
4 creatures vanquished.

Notes
Turn   | Place    | Note
-------+----------+-------------------------------------------
     0 | D:1      | Lanoc the Felid Air Elementalist began the quest for the Orb.
     0 | D:1      | Reached XP level 1. HP: 7/7 MP: 4/4
    60 | D:1      | Reached skill level 1 in Conjurations
    93 | D:1      | Slain by a kobold

Skill      XL: |  1 |
---------------+----+-----
Conjurations   | 1 |  1.0
Dodging        | |  2.8
Stealth        | |  2.6
Unarmed Combat | |  0.2
Spellcasting   | |  2.0
Air Magic      | |  2.6

Action                   || total
-------------------------++-------
Melee: Unarmed           ||    14
       Bite              ||     2
 Stab: Sleeping          ||     1
  Eat: Chunk             ||     2
Armor: Skin              ||     2
Dodge: Dodged            ||    19
